[Event "Titled Tuesday Blitz March 01 Late 2022"]
[White "Erdogdu, Mert"]
[Black "Kanyamarala, Trisha"]
[WhiteFideId "6301495"]
[BlackFideId "45004722"]
[WhiteElo "2707"]
[BlackElo "2399"]
[Result "0-1"]
[Round "09"]
[TimeControl "180+1"]
[Date "2022.03.02"]
[WhiteClock "0:00:08"]
[BlackClock "0:00:04"]

1. e4 c5 2. Nf3 d6 3. d4 cxd4 4. Nxd4 Nf6 5. Nc3 Nc6 6. Bg5 e6 7. Qd2 a6 8. O-O-O Bd7 9. f3 b5 10. Be3 Rc8 11. Kb1 b4 12. Nce2 Ne5 13. Nf4 Nc4 14. Bxc4 Rxc4 15. b3 Rc8 16. Nde2 Qc7 17. g4 Bb5 18. g5 Nd7 19. Nd4 Bc6 20. h4 Bb7 21. h5 e5 22. Nf5 exf4 23. Bxf4 Ne5 24. Bxe5 dxe5 25. h6 gxh6 26. gxh6 Rg8 27. Rhg1 Rxg1 28. Rxg1 Qc3 29. Qh2 Rd8 30. Ng7+ Ke7 31. Qh4+ f6 32. Rc1 Bc8 33. Nh5 Qc6 34. Ng7 Bxg7 35. hxg7 Rg8 36. Qxh7 Qe6 37. Rg1 Qf7 38. Qh6 Be6 39. Kb2 Qe8 40. Qd2 Qd7 41. Qxb4+ Kf7 42. Qb6 Qd4+ 43. Qxd4 exd4 44. Kc1 Rxg7 45. Rxg7+ Kxg7 46. Kd2 Kf7 47. Kd3 Ke7 48. Kxd4 Kd6 49. c4 Bh3 50. f4 Bg2 51. b4 Bf3 52. a4 Bd1 53. a5 Ba4 54. e5+ fxe5+ 55. fxe5+ Ke6 56. Ke4 Bc6+ 57. Kd4 Ba4 58. b5 axb5 59. a6 bxc4 60. Kc5 c3 61. a7 c2 62. a8=Q c1=Q+ 63. Kb4 Qd2+ 64. Ka3 Qc1+ 65. Ka2 Qc2+ 66. Ka1 Qc3+ 67. Ka2 Bb3+ 68. Ka3 Bd5+ 69. Ka4 Bxa8 70. Kb5 Qxe5+ 71. Kb6 Bd5 72. Ka7 Qd4+ 0-1


[Site "https://www.chess.com"]

[Event "Titled Tuesday Blitz March 01 Late 2022"]
[White "Estrada Nieto, Julian"]
[Black "Calcada, Lucas Galvan"]
[WhiteFideId "5101018"]
[BlackFideId "22746099"]
[WhiteElo "2246"]
[BlackElo "1402"]
[Result "1/2-1/2"]
[Round "09"]
[TimeControl "180+1"]
[Date "2022.03.02"]
[WhiteClock "0:00:04"]
[BlackClock "0:00:10"]

1. e4 c5 2. Nf3 d6 3. d4 cxd4 4. Qxd4 a6 5. Bc4 Qc7 6. Bb3 e6 7. Nc3 Nc6 8. Qd3 b5 9. Bf4 Bb7 10. O-O-O O-O-O 11. Rhe1 Be7 12. Kb1 Na5 13. Qe2 Nc4 14. Bxc4 Qxc4 15. Qxc4+ bxc4 16. Rd4 d5 17. exd5 exd5 18. Ne5 Bc5 19. Rd2 Nf6 20. Nxf7 Rhe8 21. Red1 Rd7 22. Ne5 Rde7 23. Nf3 Ne4 24. Nxe4 Rxe4 25. Bg3 h6 26. c3 g5 27. h4 g4 28. Nd4 Bf8 29. Kc2 h5 30. f3 Re3 31. Nf5 Re2 32. Bd6 Rxd2+ 33. Rxd2 Kd7 34. Bxf8 Rxf8 35. Nd4 gxf3 36. Nxf3 Kd6 37. Re2 Bc8 38. Re5 Bf5+ 39. Kd2 Be4 40. Rxh5 Bxf3 41. gxf3 Rxf3 42. Rh6+ Kc5 43. Rxa6 Rf2+ 44. Kc1 Rf1+ 45. Kc2 Rf2+ 46. Kd1 Rf1+ 47. Ke2 Rb1 48. Ra5+ Kd6 49. Rb5 Rh1 50. a4 Rxh4 51. Ke3 Rh1 52. Rb6+ Kc5 53. a5 Ra1 54. Ra6 Ra2 55. Rb6 Rxa5 56. Rb8 Ra1 57. Rc8+ Kd6 58. Rd8+ Kc6 59. Rc8+ Kd7 60. Rf8 Re1+ 61. Kd4 Rd1+ 62. Kc5 Rd2 63. Rf7+ Ke6 64. Rc7 Rxb2 65. Rc6+ Ke5 66. Rd6 Rd2 67. Rd8 Rd3 68. Re8+ Kf4 69. Rd8 Ke4 70. Re8+ Kf3 71. Rf8+ Ke2 72. Rd8 Kd2 73. Kb4 Kc2 74. Rd6 Rxc3 75. Rxd5 Rb3+ 76. Kxc4 Rb8 77. Kc5 Rc8+ 78. Kd6 Rd8+ 79. Ke5 Rxd5+ 80. Kxd5 1/2-1/2


[Site "https://www.chess.com"]

[Event "Titled Tuesday Blitz March 01 Late 2022"]
[White "Gareyev, Timur"]
[Black "Thavandiran, Shiyam"]
[WhiteFideId "14200937"]
[BlackFideId "2605058"]
[WhiteElo "2586"]
[BlackElo "2357"]
[Result "1-0"]
[Round "09"]
[TimeControl "180+1"]
[Date "2022.03.01"]
[WhiteClock "0:00:03"]
[BlackClock "0:00:06"]

1. d4 e6 2. c4 Bb4+ 3. Nd2 c5 4. a3 Bxd2+ 5. Qxd2 cxd4 6. Nf3 Nf6 7. g3 Nc6 8. Nxd4 O-O 9. Bg2 d5 10. O-O Qb6 11. Rd1 Bd7 12. cxd5 exd5 13. b3 Rfe8 14. Bb2 Ne4 15. Qf4 Nxd4 16. Bxd4 Qxb3 17. Rab1 Qxa3 18. Rxb7 Qa4 19. Qc1 Rac8 20. Qa1 Qxa1 21. Rxa1 Be6 22. Rbxa7 Nc3 23. Bf3 Nb5 24. R7a4 Nxd4 25. Rxd4 Rcd8 26. Rad1 g6 27. h4 Rc8 28. e3 Rc5 29. g4 Kg7 30. Kg2 h6 31. Kg3 Kf6 32. Bxd5 Bxd5 33. Rxd5 Rxd5 34. Rxd5 Re6 35. Kf4 Ra6 36. e4 Ra4 37. f3 Ke6 38. Rd8 Kf6 39. Rd6+ Ke7 40. Rb6 Rc4 41. Ke5 Rc5+ 42. Kd4 Ra5 43. Rb7+ Kf6 44. Rb6+ Kg7 45. Ke3 Ra3+ 46. Kf4 Rc3 47. e5 Rc4+ 48. Ke3 Rc3+ 49. Ke4 Rc4+ 50. Kd3 Ra4 51. Rb7 Kf8 52. Ke3 h5 53. gxh5 gxh5 54. f4 Ra3+ 55. Ke4 Rh3 56. f5 Rxh4+ 57. Kd5 Rf4 58. f6 Kg8 59. Rb8+ Kh7 60. Kd6 Rf5 61. Rf8 Kg6 62. Rg8+ Kh6 63. Rg7 h4 64. Rxf7 h3 65. Rf8 Rh5 66. Rh8+ Kg6 67. Rxh5 Kxh5 68. f7 1-0


[Site "https://www.chess.com"]

[Event "Titled Tuesday Blitz March 01 Late 2022"]
[White "Gatterer, Florian"]
[Black "Rangel, Daniel"]
[WhiteFideId "811688"]
[BlackFideId "2124475"]
[WhiteElo "2218"]
[BlackElo "2187"]
[Result "1/2-1/2"]
[Round "09"]
[TimeControl "180+1"]
[Date "2022.03.02"]
[WhiteClock "0:00:13"]
[BlackClock "0:00:11"]

1. Nf3 Nf6 2. c4 e6 3. g3 d5 4. Bg2 a6 5. cxd5 exd5 6. d4 c6 7. O-O Bd6 8. Nc3 O-O 9. Ne5 Re8 10. Bf4 Qe7 11. e3 h6 12. h4 Nbd7 13. Nxd7 Bxd7 14. Bxd6 Qxd6 15. Bf3 a5 16. a3 Bf5 17. Re1 b5 18. Rc1 g5 19. hxg5 hxg5 20. Bg2 Kg7 21. Qd2 b4 22. e4 Nxe4 23. Nxe4 Bxe4 24. Bxe4 Rxe4 25. Qxg5+ Kf8 26. Rxe4 dxe4 27. Qe5 Qxe5 28. dxe5 bxa3 29. bxa3 Re8 30. Rc5 a4 31. Rxc6 Rxe5 32. Ra6 e3 33. fxe3 Rxe3 34. Rxa4 Rxg3+ 35. Kf2 Rb3 36. Ra7 Kg7 37. a4 Ra3 38. a5 Kg6 39. a6 f5 40. Ra8 Kg5 41. Ke2 Kf4 42. Kd2 Kf3 43. a7 f4 44. Kc2 Ra6 45. Kb3 Kf2 46. Kb4 f3 47. Kb5 Ra1 48. Kb6 Kf1 49. Rf8 f2 50. Kb7 Rb1+ 51. Ka6 Ra1+ 52. Kb7 Rb1+ 53. Ka6 Ra1+ 54. Kb7 1/2-1/2


[Site "https://www.chess.com"]

[Event "Titled Tuesday Blitz March 01 Late 2022"]
[White "Gelman, Alexander"]
[Black "Piesik, Piotr"]
[WhiteFideId "4118316"]
[BlackFideId "1136194"]
[WhiteElo "2375"]
[BlackElo "2232"]
[Result "1-0"]
[Round "09"]
[TimeControl "180+1"]
[Date "2022.03.01"]
[WhiteClock "0:00:08"]
[BlackClock "0:00:02"]

1. d4 c5 2. d5 e5 3. Nc3 d6 4. e4 Be7 5. Nf3 a6 6. a4 Bg4 7. h3 Bxf3 8. Qxf3 Bg5 9. Bxg5 Qxg5 10. h4 Qe7 11. Qg4 Nd7 12. Qxg7 Qf6 13. Qxf6 Ngxf6 14. g3 h5 15. Bh3 Ng4 16. Bxg4 hxg4 17. Ke2 Ke7 18. a5 Rhf8 19. Nd1 Nf6 20. Kd3 c4+ 21. Ke3 Nd7 22. Ra4 Rac8 23. Nc3 f5 24. exf5 Rxf5 25. Rb4 Rc7 26. h5 Nf6 27. h6 Kf8 28. Rb6 Rd7 29. Rh4 Kg8 30. h7+ Kh8 31. Rh6 Rf3+ 32. Ke2 e4 33. Nd1 Nxd5 34. Rbxd6 Rxd6 35. Rxd6 Nb4 36. Ne3 c3 37. bxc3 Na2 38. c4 Kxh7 39. Rd7+ Kg6 40. Rxb7 Kg5 41. Rb8 Nc3+ 42. Ke1 Rf7 43. Rg8+ Kh5 44. Nxg4 Rf5 45. Kd2 Nb1+ 46. Ke3 Rxa5 47. Kxe4 Nd2+ 48. Kd3 Nf3 49. Nf6+ Kh6 50. g4 Rc5 51. Ne4 Rc7 52. c5 a5 53. g5+ Kh7 54. Ra8 Kg6 55. Rxa5 Ne5+ 56. Kd4 Nc6+ 57. Kd5 Nxa5 58. Kd6 Rc6+ 59. Kd5 Rc7 60. f4 Nc6 61. Kd6 Rc8 62. Kd7 Na7 63. f5+ Kxf5 64. Nd6+ Kxg5 65. Nxc8 Nb5 66. Nd6 Nd4 67. c3 1-0


[Site "https://www.chess.com"]

[Event "Titled Tuesday Blitz March 01 Late 2022"]
[White "Gerbelli Neto, Eduardo"]
[Black "Medeiros Jr, Francisco De Assis"]
[WhiteFideId "2103281"]
[BlackFideId "2114267"]
[WhiteElo "2178"]
[BlackElo "1998"]
[Result "0-1"]
[Round "09"]
[TimeControl "180+1"]
[Date "2022.03.02"]
[WhiteClock "0:00:12"]
[BlackClock "0:00:06"]

1. e4 c6 2. d4 d5 3. exd5 cxd5 4. c4 Nf6 5. Nc3 Nc6 6. Nf3 Be6 7. c5 g6 8. Bb5 Bg7 9. Ne5 Rc8 10. O-O O-O 11. Nxc6 bxc6 12. Ba6 Rb8 13. Qe2 Bf5 14. Re1 Re8 15. Bf4 e5 16. dxe5 Nd7 17. Bd3 Bxd3 18. Qxd3 Rxb2 19. Qd4 Qb8 20. Bg3 Nxe5 21. Qf4 Nd3 22. Qxb8 Rexb8 23. Bxb8 Rxb8 24. Re3 Bxc3 25. Rf1 Nf4 26. g3 Bd4 27. gxf4 Bxe3 28. fxe3 Rb2 29. Rf2 Rb1+ 30. Kg2 Rb5 31. Rc2 f5 32. Kf3 a5 33. Ke2 Kf7 34. Kd3 Ke6 35. Kd4 Rb4+ 36. Kd3 Ra4 37. h4 Ra3+ 38. Kd4 Ra4+ 39. Kd3 Rb4 40. h5 Rb1 41. hxg6 hxg6 42. Rg2 Kf6 43. Rb2 Rxb2 0-1


[Site "https://www.chess.com"]

[Event "Titled Tuesday Blitz March 01 Late 2022"]
[White "Gracia Alvarez, Gerardo Antonio"]
[Black "Petrova, Irina"]
[WhiteFideId "5109124"]
[BlackFideId "14124122"]
[WhiteElo "2139"]
[BlackElo "1988"]
[Result "1/2-1/2"]
[Round "09"]
[TimeControl "180+1"]
[Date "2022.03.02"]
[WhiteClock "0:00:22"]
[BlackClock "0:00:22"]

1. c4 e5 2. Nc3 Nf6 3. g3 Bb4 4. Bg2 Bxc3 5. bxc3 O-O 6. e4 d6 7. Ne2 Nc6 8. O-O Be6 9. d3 h6 10. Rb1 b6 11. f4 Bg4 12. h3 Bxe2 13. Qxe2 Nd7 14. Be3 f6 15. d4 Na5 16. h4 Qe7 17. Bh3 Qf7 18. fxe5 dxe5 19. d5 Qe7 20. Qg4 Nc5 21. Bxh6 Nxc4 22. Rf2 Nd6 23. Bg2 Ncxe4 24. Bxe4 Nxe4 25. Qxe4 gxh6 26. Rbf1 Qg7 27. Kh2 Rad8 28. c4 Kh8 29. Rf5 Rg8 30. R1f3 Rd6 31. Qe3 Qg6 32. c5 bxc5 33. Qxc5 e4 34. h5 Qg4 35. Qe3 Rg5 36. R3f4 Qxh5+ 37. Rh4 Rxf5 38. Rxh5 Rxh5+ 39. Kg2 Rhxd5 40. Qxh6+ Kg8 41. Qg6+ Kf8 42. Qh6+ Kg8 43. Qg6+ Kf8 44. Qh6+ Kf7 45. Qh7+ Kf8 46. Qh6+ 1/2-1/2


[Site "https://www.chess.com"]

[Event "Titled Tuesday Blitz March 01 Late 2022"]
[White "Hamley, Ryan"]
[Black "Yedidia, Daniel"]
[WhiteFideId "30959497"]
[BlackFideId "30905907"]
[WhiteElo "2580"]
[BlackElo "2485"]
[Result "1-0"]
[Round "09"]
[TimeControl "180+1"]
[Date "2022.03.02"]
[WhiteClock "0:00:02"]
[BlackClock "0:00:03"]

1. d4 Nf6 2. Nf3 b6 3. Bf4 Bb7 4. e3 e6 5. Bd3 c5 6. c3 d6 7. Nbd2 Nbd7 8. O-O Be7 9. h3 O-O 10. Qe2 Qc7 11. Rac1 Rac8 12. Bb1 e5 13. dxe5 dxe5 14. Bh2 Bd6 15. Nc4 Ba6 16. Rfd1 Rfd8 17. Ng5 Nf8 18. b3 Ng6 19. Ne4 Nxe4 20. Bxe4 Qe7 21. Qf3 Bb8 22. Bg3 Rxd1+ 23. Rxd1 Rd8 24. Rd5 Rxd5 25. Bxd5 Bc8 26. Qd1 b5 27. Na5 Bd6 28. a4 a6 29. Nc6 Qc7 30. axb5 axb5 31. Qa1 Bb7 32. Qa7 Bxc6 33. Qxc7 Bxc7 34. Bxc6 b4 35. cxb4 cxb4 36. f3 f5 37. Bd7 f4 38. exf4 exf4 39. Be1 Bd6 40. Kf1 Kf7 41. Ke2 Ne5 42. Bf5 h6 43. h4 g5 44. hxg5 hxg5 45. g3 Nc6 46. Be4 Nd4+ 47. Kd3 Nxb3 48. Bd5+ Kf6 49. Bxb3 fxg3 50. Ke2 Ke5 51. Kf1 Kf4 52. Kg2 Ke3 53. Bxg3 Be7 54. Bc7 Kd3 55. Kg3 Kc3 56. Be6 b3 57. Be5+ Kc2 58. Bf5+ Kc1 59. Bd4 b2 60. Kg4 b1=Q 61. Be3+ Kb2 62. Bxb1 Kxb1 63. Bxg5 Bd6 64. Bf4 Be7 65. Be5 Kc2 66. Kf5 Kd3 67. f4 Bb4 68. Ke6 Ke4 69. f5 Bf8 70. f6 Bh6 71. Bd6 Kd4 72. Kf7 Kd5 73. Kg6 Be3 74. f7 1-0


[Site "https://www.chess.com"]

[Event "Titled Tuesday Blitz March 01 Late 2022"]
[White "Hoffmann, Asa"]
[Black "Al-Tarboush, Ward"]
[WhiteFideId "2001470"]
[BlackFideId "7601450"]
[WhiteElo "2117"]
[BlackElo "2276"]
[Result "0-1"]
[Round "09"]
[TimeControl "180+1"]
[Date "2022.03.02"]
[WhiteClock "0:00:17"]
[BlackClock "0:01:01"]

1. d4 b6 2. e4 Bb7 3. Bd3 e6 4. Qe2 d5 5. Nd2 c5 6. c3 cxd4 7. cxd4 dxe4 8. Bxe4 Bxe4 9. Qxe4 Qd5 10. Qxd5 exd5 11. Ne2 Nf6 12. Nc3 Bd6 13. Nf3 O-O 14. O-O a6 15. Re1 Nbd7 16. Bg5 Rfe8 17. a3 h6 18. Bh4 b5 19. Bg3 Bf8 20. Be5 Rac8 21. Rac1 g5 22. h3 Bg7 23. Bxf6 Nxf6 24. Ne5 Red8 25. f3 Nh5 26. Ne2 Re8 27. Rxc8 Rxc8 28. Rc1 Rxc1+ 29. Nxc1 Nf4 30. Kf2 f6 31. Ned3 f5 32. Nxf4 Bxd4+ 33. Ke2 gxf4 34. Nd3 Kf7 35. Nxf4 Bxb2 36. Nxd5 Bxa3 37. Nc7 Bd6 38. Nxa6 Ke6 39. Kd3 Kd5 40. g4 Kc6 41. Kc3 f4 42. h4 Be7 43. Nb4+ Kd6 44. Nd3 Bxh4 45. Nxf4 Be1+ 46. Kb3 b4 47. Nd3 Bc3 48. f4 Ke6 49. Kc4 Bd2 50. Nxb4 Bxf4 51. Nd3 Bg3 52. Kd4 Kf6 53. Ke4 Kg5 54. Kf3 Kh4 55. Nb4 Kh3 56. Nd5 Bh4 57. Nf4+ Kh2 58. Ng6 Bg5 59. Ne5 Bc1 60. Nf7 Bg5 61. Nxg5 hxg5 62. Ke4 Kg3 63. Kf5 Kh4 0-1


[Site "https://www.chess.com"]

[Event "Titled Tuesday Blitz March 01 Late 2022"]
[White "Holt, Conrad"]
[Black "Ezat, Mohamed"]
[WhiteFideId "2034387"]
[BlackFideId "10600906"]
[WhiteElo "2586"]
[BlackElo "2386"]
[Result "1/2-1/2"]
[Round "09"]
[TimeControl "180+1"]
[Date "2022.03.01"]
[WhiteClock "0:00:08"]
[BlackClock "0:00:06"]

1. d4 Nf6 2. c4 g6 3. Nc3 Bg7 4. e4 d6 5. Nf3 O-O 6. h3 e5 7. dxe5 dxe5 8. Qxd8 Rxd8 9. Bg5 c6 10. Nxe5 Re8 11. O-O-O Na6 12. Nf3 Nc5 13. e5 Nfe4 14. Nxe4 Nxe4 15. Be3 b6 16. Bd3 Nc5 17. Bxc5 bxc5 18. Be4 Rb8 19. Bxc6 Rf8 20. Rhe1 Bf5 21. Be4 Be6 22. b3 a5 23. g4 a4 24. Rd3 Rfd8 25. Rxd8+ Rxd8 26. Rd1 Rb8 27. Kc2 Kf8 28. Bd5 Bc8 29. Bc6 axb3+ 30. axb3 Ke7 31. Ra1 Kf8 32. Ra7 Be6 33. Bd5 Re8 34. Bxe6 Rxe6 35. Ng5 Rxe5 36. Nxf7 Re2+ 37. Kd3 Rxf2 38. Ng5 Bb2 39. Ra2 Ke8 40. Ne4 Rf3+ 41. Ke2 Rxb3 42. Ra8+ Ke7 43. Ra7+ Kf8 44. Nxc5 Rxh3 45. Ne6+ Ke8 46. c5 Be5 47. c6 Rc3 48. c7 Kd7 49. Nf8+ Kc8 50. Nxh7 Rxc7 51. Rxc7+ Kxc7 52. Nf8 Kd6 53. Nxg6 Bc3 54. Kf3 Ke6 55. Nf4+ Kf7 56. Ke4 Bd2 57. Nh3 Kg6 58. Ng1 Kg5 59. Kf3 Be1 60. Ne2 Ba5 61. Ng3 Kg6 62. Ne4 Bc7 63. Kg2 Bf4 64. Kh3 Bc7 65. Nd2 Bf4 66. Nc4 Bc7 67. Ne3 Bf4 68. Nd5 Bb8 69. Kh4 Be5 70. Ne3 Bb8 71. Nf5 Bf4 72. Ne7+ Kf7 73. Nd5 Bd2 74. Kh5 Kg7 75. Nb6 Kf7 76. Nc4 Bf4 77. Na3 Be3 78. Nc2 Bf4 79. Nd4 Kf6 80. Ne2 Be3 81. Ng3 Ke5 82. Nf5 Bf4 83. Kg6 Ke6 84. Nh4 Ke5 85. Nf3+ Ke4 86. Ng5+ Ke5 87. Nf7+ Ke6 88. Nh6 Ke7 89. Nf5+ Kf8 90. Kf6 Kg8 91. Ne7+ Kh7 92. Kf5 Bd2 93. Nd5 Bc1 94. Nf6+ Kg7 95. Ne4 Kh7 96. Kf6 Be3 97. Ng3 Bf4 98. Nf5 Bc1 99. Ne7 Bf4 100. Kf5 Bc1 101. Nd5 Bd2 102. Nb6 Bc1 103. Nc4 1/2-1/2


[Site "https://www.chess.com"]

[Event "Titled Tuesday Blitz March 01 Late 2022"]
[White "Hua, Lefong"]
[Black "Urazayev, Arystanbek"]
[WhiteFideId "2602253"]
[BlackFideId "13709810"]
[WhiteElo "2603"]
[BlackElo "2321"]
[Result "1/2-1/2"]
[Round "09"]
[TimeControl "180+1"]
[Date "2022.03.01"]
[WhiteClock "0:00:36"]
[BlackClock "0:00:16"]

1. d4 d5 2. c4 dxc4 3. Nf3 Nf6 4. e3 e6 5. Bxc4 c5 6. O-O Nc6 7. Qe2 a6 8. Bb3 Be7 9. Rd1 Qc7 10. Nc3 O-O 11. dxc5 Bxc5 12. Bd2 b5 13. Rac1 Qb6 14. Be1 Bb7 15. a3 Rac8 16. Ba2 Rfd8 17. b4 Bd6 18. h3 h6 19. Bb1 Ne5 20. Nxe5 Bxe5 21. Rxd8+ Rxd8 22. f3 g6 23. Bf2 Rc8 24. Na2 Rxc1+ 25. Nxc1 Qc7 26. Qc2 Qxc2 27. Bxc2 Kf8 28. Nd3 Bd6 29. e4 Nd7 30. Bd4 g5 31. Kf2 h5 32. g4 h4 33. e5 Bc7 34. Nc5 Nxc5 35. Bxc5+ Ke8 36. Bd4 Kd7 37. Ke3 Bd8 38. Be4 Bc6 39. Bxc6+ Kxc6 40. Ke4 a5 41. Be3 a4 42. Bd4 Bc7 43. Bc3 Bb6 44. Bd4 Bd8 45. Bc3 Kd7 46. Bd4 Ke8 47. Bc3 Kf8 48. Bd4 Kg7 49. Bc3 Kg6 50. Bd4 Bc7 51. Bc3 Kg7 52. Bd4 Kf8 53. Bc3 Ke8 54. Bd2 Bd8 55. Be3 f6 56. exf6 Bxf6 57. Bd4 Be7 58. Be5 Kf7 59. Bd4 Bd8 60. Be5 Ke8 61. Bd4 Kd7 62. Be5 Kc6 63. Bd4 Be7 64. Be5 Kd7 65. Bd4 Bd6 66. Be5 Be7 67. Bd4 Ke8 68. Be5 Kf7 69. Bd4 Bd8 70. Be5 Bb6 71. Bd4 Bd8 1/2-1/2


[Site "https://www.chess.com"]

[Event "Titled Tuesday Blitz March 01 Late 2022"]
[White "Ibarra Jerez, Jose Carlos"]
[Black "Suarez Uriel, Adrian"]
[WhiteFideId "2226332"]
[BlackFideId "22230874"]
[WhiteElo "2626"]
[BlackElo "2316"]
[Result "1-0"]
[Round "09"]
[TimeControl "180+1"]
[Date "2022.03.01"]
[WhiteClock "0:02:10"]
[BlackClock "0:00:06"]

1. d4 Nf6 2. Bf4 d6 3. Nc3 e6 4. e4 Be7 5. Nf3 O-O 6. Bd3 a6 7. h4 b5 8. e5 dxe5 9. dxe5 Ng4 10. Bxh7+ Kxh7 11. Ng5+ Kg8 12. Qxg4 f5 13. Qh5 Bxg5 14. hxg5 Re8 15. g6 Qd4 16. Qh8# 1-0


[Site "https://www.chess.com"]

[Event "Titled Tuesday Blitz March 01 Late 2022"]
[White "Indjic, Aleksandar"]
[Black "Daggupati, Balaji"]
[WhiteFideId "911925"]
[BlackFideId "2090759"]
[WhiteElo "2616"]
[BlackElo "2752"]
[Result "1-0"]
[Round "09"]
[TimeControl "180+1"]
[Date "2022.03.01"]
[WhiteClock "0:00:25"]
[BlackClock "0:00:01"]

1. d4 d5 2. Nf3 Nf6 3. Bf4 c5 4. e3 Nc6 5. Nbd2 cxd4 6. exd4 Bf5 7. Bb5 e6 8. Ne5 Qb6 9. c4 dxc4 10. a4 Bb4 11. O-O O-O 12. Bxc6 bxc6 13. Ndxc4 Qa6 14. Bd2 Rab8 15. Bc3 Rfd8 16. Ne3 Bg6 17. Qf3 Nd5 18. Nxd5 cxd5 19. h4 Bxc3 20. bxc3 Qb7 21. h5 Be4 22. Qg3 h6 23. Rfe1 Bf5 24. Re3 Qe7 25. Nc6 Qb7 26. Nxd8 Rxd8 27. Qf4 Qb2 28. Rae1 Qc2 29. Rg3 Kh7 30. Qe5 Rg8 31. Qc7 Rf8 32. Qxa7 Qd2 33. Ree3 Qd1+ 34. Kh2 Qxh5+ 35. Rh3 Bxh3 36. Rxh3 Qg5 37. Qc7 Qf5 38. Rf3 Qh5+ 39. Kg1 Kg8 40. a5 Ra8 41. a6 e5 42. Qb7 Rf8 43. a7 e4 44. a8=Q exf3 45. Qaa6 Qg5 46. Qf1 Re8 47. g3 Qd2 48. Qbb1 Qxc3 49. Kh2 Qxd4 50. Qbd3 Qf6 51. Qxd5 Re5 52. Qa8+ Kh7 53. Qd3+ g6 54. Qdd8 1-0


[Site "https://www.chess.com"]

[Event "Titled Tuesday Blitz March 01 Late 2022"]
[White "Janturin, Artur"]
[Black "Pinheiro, Iung Alicio de O."]
[WhiteFideId "4130022"]
[BlackFideId "2104350"]
[WhiteElo "2356"]
[BlackElo "2531"]
[Result "0-1"]
[Round "09"]
[TimeControl "180+1"]
[Date "2022.03.02"]
[WhiteClock "0:00:01"]
[BlackClock "0:00:06"]

1. b3 c5 2. Bb2 d6 3. e3 Nc6 4. Nf3 e5 5. d4 e4 6. d5 Nb4 7. Nfd2 f5 8. c4 Nf6 9. a3 Na6 10. Nc3 Be7 11. f3 O-O 12. fxe4 fxe4 13. Ndxe4 Ng4 14. Bd3 Bh4+ 15. g3 Bg5 16. Qe2 Bxe3 17. h3 Ne5 18. Qxe3 Rf3 19. Qg5 Nxd3+ 20. Ke2 Qf8 21. Raf1 Ne5 22. Nxd6 Bxh3 0-1


[Site "https://www.chess.com"]

[Event "Titled Tuesday Blitz March 01 Late 2022"]
[White "Jarocka, Liwia"]
[Black "Donatti, Alvaro"]
[WhiteFideId "21807558"]
[BlackFideId "3000303"]
[WhiteElo "1896"]
[BlackElo "2138"]
[Result "1-0"]
[Round "09"]
[TimeControl "180+1"]
[Date "2022.03.02"]
[WhiteClock "0:00:26"]
[BlackClock "0:00:25"]

1. e4 c5 2. Nf3 e6 3. d4 cxd4 4. Nxd4 Bc5 5. Nb3 Bb6 6. Bd3 Nc6 7. O-O Nge7 8. Nc3 O-O 9. Kh1 f5 10. exf5 Nxf5 11. a4 a6 12. Bd2 Qh4 13. Qe2 d5 14. Rae1 Bd7 15. Nd1 Bc7 16. h3 Ncd4 17. Qg4 Qxg4 18. hxg4 Nxb3 19. cxb3 Nd6 20. Ne3 Bc6 21. Kg1 Bb6 22. Nc2 Rf7 23. Rxe6 Ne4 24. Bxe4 dxe4 25. Be3 Bxe3 26. Nxe3 Rd8 27. Nf5 Rd2 28. Ne7+ Kf8 29. Nxc6 bxc6 30. Rxc6 Rxb2 31. Rxa6 Rxb3 32. Ra8+ Ke7 33. Ra7+ Ke6 34. Rxf7 Kxf7 35. Ra1 e3 36. f3 Rb2 37. a5 e2 38. Kf2 Ke6 39. a6 Kd5 40. a7 e1=Q+ 41. Kxe1 1-0


[Site "https://www.chess.com"]

[Event "Titled Tuesday Blitz March 01 Late 2022"]
[White "Jaskolka, Tomasz"]
[Black "Kostiukov, Alexandr"]
[WhiteFideId "1170791"]
[BlackFideId "14108100"]
[WhiteElo "2054"]
[BlackElo "2202"]
[Result "0-1"]
[Round "09"]
[TimeControl "180+1"]
[Date "2022.03.02"]
[WhiteClock "0:00:10"]
[BlackClock "0:00:06"]

1. d4 g6 2. Bf4 Bg7 3. Nc3 d6 4. e4 e5 5. dxe5 dxe5 6. Qxd8+ Kxd8 7. Bg5+ f6 8. Be3 Be6 9. O-O-O+ Nd7 10. f4 Bh6 11. g3 c6 12. Kb1 Kc7 13. Nf3 Bg4 14. Be2 Ne7 15. Bc1 Rad8 16. fxe5 Bxc1 17. exf6 Bh6 18. fxe7 Rde8 19. h3 Bxf3 20. Bxf3 Rxe7 21. Bg2 Ne5 22. Rhf1 Rf8 23. Rxf8 Bxf8 24. b3 b5 25. Kb2 Bg7 26. Kc1 Bh6+ 27. Kb1 a5 28. Ne2 a4 29. bxa4 bxa4 30. Kb2 Nc4+ 31. Kc3 Ne3 32. Rg1 Nxg2 33. Rxg2 Rxe4 34. h4 c5 35. Kd3 Re3+ 36. Kc4 Kc6 37. Nc3 Bg7 38. Nxa4 Re4+ 39. Kb3 Rb4+ 40. Ka3 Kb5 41. c4+ Rxc4 42. Nxc5 Kxc5 43. g4 Rc3+ 44. Ka4 Rc4+ 45. Ka3 Bc3 46. Kb3 Bd4 47. h5 Rc3+ 48. Ka4 Rc4+ 49. Kb3 Rb4+ 50. Ka3 Kc4 51. Rc2+ Bc3 52. hxg6 Rb6 53. Rxc3+ Kxc3 54. Ka4 Rxg6 55. Kb5 Rxg4 56. a4 Rg8 57. a5 h5 58. a6 h4 59. a7 h3 60. Kb6 h2 61. Kc7 h1=Q 62. a8=Q Qxa8 63. Kb6 Qb8+ 64. Ka5 Rg5+ 65. Ka6 Qd6+ 66. Kb7 Rg7+ 67. Ka8 Qf8# 0-1


[Site "https://www.chess.com"]

[Event "Titled Tuesday Blitz March 01 Late 2022"]
[White "Kamsky, Gata"]
[Black "Jobava, Baadur"]
[WhiteFideId "2000024"]
[BlackFideId "13601520"]
[WhiteElo "2645"]
[BlackElo "2617"]
[Result "0-1"]
[Round "09"]
[TimeControl "180+1"]
[Date "2022.03.01"]
[WhiteClock "0:00:13"]
[BlackClock "0:00:17"]

1. d4 Nf6 2. Nf3 g6 3. Bg5 Bg7 4. c3 h6 5. Bh4 d6 6. Nbd2 Nc6 7. e4 g5 8. Bg3 Nh5 9. Nc4 Nxg3 10. hxg3 e6 11. Ne3 Qe7 12. Qc2 Bd7 13. O-O-O O-O-O 14. Bb5 a6 15. Ba4 b5 16. Bb3 Na5 17. d5 c5 18. dxc6 Bxc6 19. Nd4 Bb7 20. Kb1 Kb8 21. f3 Rc8 22. Qe2 Nxb3 23. Nxb3 Rhd8 24. Rd2 Qc7 25. Rhd1 Be5 26. Qe1 d5 27. exd5 Bxg3 28. Qe2 Bf4 29. dxe6 Rxd2 30. Rxd2 fxe6 31. Rd1 Qe5 32. Re1 h5 33. a3 Bg3 34. Rd1 g4 35. fxg4 hxg4 36. Ka2 Bd5 37. Qd3 Bc4 38. Qd4 Qxd4 39. cxd4 Bf2 40. Nxg4 a5 41. Nxf2 a4 42. Rc1 Bxb3+ 43. Kb1 Ba2+ 44. Kxa2 Rxc1 45. Ne4 Kc7 46. Nc3 Kc6 47. Ne2 Re1 48. Nf4 Re4 49. g3 Kd6 50. b3 Rxd4 51. bxa4 bxa4 52. Kb2 e5 53. Nh5 Rd3 54. Nf6 Rb3+ 55. Ka2 Ke6 56. Ne4 Kd5 57. Nf6+ Kd4 0-1


[Site "https://www.chess.com"]

[Event "Titled Tuesday Blitz March 01 Late 2022"]
[White "Karttunen, Mika"]
[Black "Harvey, Marcus R"]
[WhiteFideId "502081"]
[BlackFideId "400092"]
[WhiteElo "2343"]
[BlackElo "2485"]
[Result "0-1"]
[Round "09"]
[TimeControl "180+1"]
[Date "2022.03.01"]
[WhiteClock "0:00:01"]
[BlackClock "0:00:08"]

1. d4 Nf6 2. c4 e6 3. g3 c5 4. Nf3 cxd4 5. Nxd4 d5 6. Bg2 e5 7. Nc2 d4 8. O-O Nc6 9. Bg5 Be6 10. Nd2 Be7 11. b4 O-O 12. a3 Nd7 13. Bxe7 Qxe7 14. e3 d3 15. Ne1 Rfd8 16. Nxd3 Nb6 17. Nb2 Bxc4 18. Re1 Bd5 19. Bxd5 Rxd5 20. Qc2 Rad8 21. Rad1 h5 22. Ne4 a5 23. Rxd5 Rxd5 24. bxa5 Rxa5 25. Qb3 Ra6 26. a4 Qb4 27. Qxb4 Nxb4 28. Ra1 Nc6 29. Nc5 Ra7 30. h4 f6 31. Kg2 Kf7 32. a5 Nd5 33. Nc4 Ke7 34. Ra3 Ndb4 0-1


[Site "https://www.chess.com"]

[Event "Titled Tuesday Blitz March 01 Late 2022"]
[White "Kevlishvili, Robby"]
[Black "Rustemov, Alexander"]
[WhiteFideId "1040634"]
[BlackFideId "4119002"]
[WhiteElo "2584"]
[BlackElo "2782"]
[Result "1/2-1/2"]
[Round "09"]
[TimeControl "180+1"]
[Date "2022.03.01"]
[WhiteClock "0:00:20"]
[BlackClock "0:00:33"]

1. e4 e6 2. d4 d5 3. Nd2 dxe4 4. Nxe4 Bd7 5. Nf3 Bc6 6. Bd3 Nd7 7. Qe2 Ngf6 8. Ned2 Be7 9. O-O O-O 10. c4 b6 11. b3 Bb7 12. Bb2 c5 13. Rad1 Re8 14. Rfe1 Qc7 15. Ne4 Nxe4 16. Bxe4 Bxe4 17. Qxe4 Rad8 18. d5 Nf6 19. Bxf6 Bxf6 20. g3 g6 21. Kg2 Re7 22. Qd3 Red7 23. Qe4 exd5 24. cxd5 Qb7 25. Qf4 Kg7 26. h4 Rxd5 27. Rxd5 Qxd5 28. h5 Qxh5 29. Rh1 Qd5 30. Qh6+ Kg8 31. Qxh7+ Kf8 32. Qh6+ Bg7 33. Qf4 Re8 34. Rh4 Kg8 35. Qc7 Qa8 36. Ra4 Rc8 37. Rxa7 Rxc7 38. Rxa8+ Bf8 39. Ne5 b5 1/2-1/2


[Site "https://www.chess.com"]